 Dungeon Crawl Stone Soup version 0.27.0-1-g7a089689b8 (webtiles) character file.

Game seed: 938125930231808970

28 SnakkuSnakku7 the Grave Robber (level 3, 0/19 HPs)
             Began as a Gargoyle Necromancer on Aug 5, 2021.
             Slain by an adder (4 damage)
             ... on level 2 of the Dungeon.
             The game lasted 00:02:14 (840 turns).

SnakkuSnakku7 the Grave Robber (GrNe)                Turns: 840, Time: 00:02:17

Health: 0/19       AC:  6    Str: 11    XL:     3   Next: 14%
Magic:  0/6        EV: 11    Int: 16    God:
Gold:   15         SH:  0    Dex: 10    Spells: 2/6 levels left

rFire    . . .     SeeInvis .   e - +0 rapier
rCold    . . .     Faith    .   (no shield)
rNeg     + . .     Spirit   .   a - +0 robe
rPois    ∞         Reflect  .   (no helmet)
rElec    +         Harm     .   (no cloak)
rCorr    .         Rampage  .   (no gloves)
Will     .....                  d - +0 pair of boots
Stlth    ++........             (no amulet)
HPRegen  0.06/turn              (no ring)
MPRegen  0.10/turn              (no ring)

@: no status effects
A: sickness immunity, AC +3, negative energy resistance 1, electricity
resistance, torment resistance 1, petrification resistance
a: no special abilities


You were on level 2 of the Dungeon.
You visited 1 branch of the dungeon, and saw 2 of its levels.

You collected 15 gold pieces.

Inventory:

Hand Weapons
 b - a +0 dagger
 e - a +0 rapier (weapon)
Armour
 a - a +0 robe (worn)
 d - a +0 pair of boots (worn)
Jewellery
 j - a ring of wizardry
Scrolls
 g - a scroll of noise {unknown}
 h - a scroll of fog {unknown}
 i - a scroll of enchant weapon {unknown}
 k - a scroll of magic mapping {unknown}
Potions
 c - a potion of attraction {unknown}
 f - a potion of lignification {unknown}


   Skills:
 - Level 1.5 Dodging
 - Level 2.1 Stealth
 - Level 2.0 Spellcasting
 + Level 4.1 Necromancy


You had 2 spell levels left.
You knew the following spells:

 Your Spells              Type           Power      Damage    Failure   Level
a - Pain                  Necr           56%        1d6       3%          1
b - Vampiric Draining     Necr           7%         2d7       12%         3

Your spell library contained the following spells:

 Spells                   Type           Power      Damage    Failure   Level
 Animate Skeleton         Necr           28%        N/A       3%          1
 Animate Dead             Necr           7%         N/A       36%         4
 Agony                    Necr           14%        N/A       71%         5


Dungeon Overview and Level Annotations

Branches:
Dungeon (2/15)

Altars:


Innate Abilities, Weirdness & Mutations

You are immune to sickness and miasma.
Your stone body is resilient. (AC +3)
You are immune to poison.
You resist negative energy. (rN+)
You are resistant to electric shocks. (rElec)
You are resistant to unholy torment.
You are immune to petrification.


Message History

Aim: a rat (chance to affect: 85%)
The rat writhes in agony.
Casting: Pain (safe; 3% risk of failure)
Confirm with . or Enter, or press ? or * to list all spells.
Aiming: Pain (safe; 3% risk of failure)
Press: ? - help, Shift-Dir - straight line, f/p - rat
Aim: a rat (heavily wounded, chance to affect: 85%)
The rat writhes in agony.
You kill the rat!
An adder comes into view.
An adder is nearby!
An adder is nearby!
Casting: Pain (safe; 3% risk of failure)
Confirm with . or Enter, or press ? or * to list all spells.
Aiming: Pain (safe; 3% risk of failure)
Press: ? - help, Shift-Dir - straight line, f - adder
Aim: an adder (asleep, chance to affect: 79%)
The adder hisses angrily.
The adder writhes in agony.
Casting: Pain (safe; 3% risk of failure)
Confirm with . or Enter, or press ? or * to list all spells.
Aiming: Pain (safe; 3% risk of failure)
Press: ? - help, Shift-Dir - straight line, f/p - adder
Aim: an adder (heavily wounded, chance to affect: 79%)
The adder writhes in agony.
Casting: Pain (safe; 3% risk of failure)
Confirm with . or Enter, or press ? or * to list all spells.
Aiming: Pain (safe; 3% risk of failure)
Press: ? - help, Shift-Dir - straight line, f/p - adder
Aim: an adder (severely wounded, chance to affect: 79%)
The adder barely resists.
The adder bites you but does no damage.
Casting: Pain (safe; 3% risk of failure)
Confirm with . or Enter, or press ? or * to list all spells.
Aiming: Pain (safe; 3% risk of failure)
Press: ? - help, Shift-Dir - straight line, f/p - adder
Aim: an adder (severely wounded, chance to affect: 79%)
The adder barely resists.
The adder bites you.
* * * LOW HITPOINT WARNING * * *
The adder bites you.
You die...

#########
#.S......
######@#####
#..........#
#.####.###.#
#.# #.# #.# #.#
##.####.####.##
...............
##.###.<###.(..
#.## .##.


You could see an adder.

Vanquished Creatures
  A bat (D:1)
  4 endoplasms (D:1)
  2 hobgoblins (D:1)
  3 jackals (D:1)
  A quokka (D:1)
  3 ball pythons (D:1)
  A frilled lizard (D:1)
  A goblin (D:1)
  5 kobolds (D:1)
  6 rats
27 creatures vanquished.

Notes
Turn   | Place    | Note
-------+----------+-------------------------------------------
     0 | D:1      | SnakkuSnakku7 the Gargoyle Necromancer began the quest for
                  | the Orb.
     0 | D:1      | Reached XP level 1. HP: 10/10 MP: 3/3
   185 | D:1      | Reached XP level 2. HP: 2/15 MP: 0/5
   544 | D:1      | Reached skill level 4 in Necromancy
   565 | D:1      | Reached XP level 3. HP: 1/19 MP: 0/6
   569 | D:1      | Learned a level 3 spell: Vampiric Draining
   840 | D:2      | Slain by an adder

Illustrated notes

Levels and vault maps discovered:
D:1:      scummos_arrival_simple_fountains, layout_basic
D:2:      layout_basic

Skill      XL: |  1  2 |
---------------+-------+-----
Necromancy     | 4 |  4.1
Dodging        | |  1.5
Stealth        | |  2.1
Spellcasting   | |  2.0

Action                   || total
-------------------------++-------
Melee: Dagger            ||     3
 Cast: Pain              ||    52
Armor: Robe              ||     2
Dodge: Dodged            ||     3
